[Event "Ch FRA 2024 Seniors Plus"]
[Site "ALPE D'HUEZ, France"]
[Date "2024.08.25"]
[Round "9.1"]
[White "HEURTEBIZE, Olivier"]
[Black "COLLAS, Didier"]
[Result "1/2-1/2"]
[ECO "A64"]
[WhiteElo "2233"]
[BlackElo "2367"]
[PlyCount "75"]
[EventDate "2024.??.??"]
[TimeControl "90/40+30:0"]

1. d4 {120} Nf6 {103} 2. c4 {6} e6 {95} 3. g3 {141} c5 {18} 4. d5 {10} exd5 {8}
5. cxd5 {7} d6 {13} 6. Nc3 {15} g6 {7} 7. Bg2 {9} Bg7 {5} 8. Nf3 {9} O-O {6} 9.
O-O {5} Re8 {18} 10. Nd2 {16} a6 {519} 11. a4 {90} Nbd7 {15} 12. Nc4 {948} Ne5
{99} 13. Nxe5 {61} Rxe5 {5} 14. Bf4 {60} Re8 {15} 15. Qd2 {25} Ng4 {715} 16.
Ne4 {1476} Ne5 {642} 17. Bh6 {0} Bh8 {299} 18. b4 {239} Bf5 {512} 19. bxc5 {292
} Bxe4 {32} 20. Bxe4 {2} Nd7 {57} 21. Bf3 {57} Nxc5 {142} 22. Ra2 {69} b5 {48}
23. axb5 {19} axb5 {4} 24. Rb1 {26} Rb8 {564} 25. Rb4 {291} Na4 {123} 26. Qd3 {
49} Nc5 {722} 27. Qd2 {18} Qb6 {177} 28. h4 {154} Na6 {44} 29. Be3 {307} Rxe3 {
114} 30. Rxa6 {5} Qxa6 {5} 31. Qxe3 {6} Qa1+ {186} 32. Kg2 {12} Qc3 {17} 33.
Rxb5 {53} Rxb5 {142} 34. Qe8+ {5} Kg7 {3} 35. Qxb5 {10} h5 {9} 36. Qe8 {33} Qc7
{63} 37. Qc6 {75} Qe7 {9} 38. Qc2 {55} 1/2-1/2

[Event "Ch FRA 2024 Seniors Plus"]
[Site "ALPE D'HUEZ, France"]
[Date "2024.08.25"]
[Round "9.2"]
[White "PRIE, Eric"]
[Black "CHAUDAGNE, Christophe"]
[Result "1-0"]
[ECO "C02"]
[WhiteElo "2329"]
[BlackElo "2030"]
[PlyCount "56"]
[EventDate "2024.??.??"]
[TimeControl "90/40+30:0"]

1. e4 {2} e6 {79} 2. d4 {7} d5 {3} 3. e5 {5} c5 {22} 4. c3 {16} Nc6 {13} 5. Nf3
{9} Bd7 {28} 6. Be2 {9} Rc8 {288} 7. O-O {154} a6 {35} 8. Re1 {704} h6 {147} 9.
dxc5 {402} Bxc5 {34} 10. Bd3 {5} Nge7 {793} 11. Nbd2 {178} Ba7 {35} 12. Nb3 {
144} Ng6 {583} 13. Be3 {352} Bb8 {782} 14. Bxg6 {177} fxg6 {16} 15. Bc5 {72}
Kf7 {742} 16. Bd6 {2444} b6 {504} 17. Qd3 {181} a5 {168} 18. Nbd4 {41} Nxd4 {
162} 19. Nxd4 {8} g5 {209} 20. Re3 {42} g6 {262} 21. Rf3+ {42} Kg7 {6} 22. Bxb8
{87} Rxb8 {6} 23. Rf6 {69} Qe8 {5} 24. Qh3 {121} Qc8 {221} 25. Rf1 {339} h5 {
100} 26. Qg3 {62} g4 {238} 27. f3 {11} Qc5 {80} 28. fxg4 {19} Qe7 {39} 1-0

[Event "Ch FRA 2024 Seniors Plus"]
[Site "ALPE D'HUEZ, France"]
[Date "2024.08.25"]
[Round "9.3"]
[White "MEZOUAGHI, Miloud"]
[Black "GUADALPI, David"]
[Result "0-1"]
[ECO "A25"]
[WhiteElo "2010"]
[BlackElo "2270"]
[PlyCount "46"]
[EventDate "2024.??.??"]
[TimeControl "90/40+30:0"]

1. c4 {271} e5 {21} 2. g3 {17} Nf6 {6} 3. Bg2 {5} Nc6 {29} 4. Nc3 {33} Bc5 {37}
5. e3 {234} d6 {335} 6. Nge2 {116} Bg4 {110} 7. h3 {179} Bf5 {345} 8. a3 {356}
a6 {517} 9. b4 {381} Ba7 {6} 10. d4 {150} exd4 {723} 11. exd4 {23} O-O {16} 12.
O-O {70} Re8 {105} 13. g4 {620} Bg6 {6} 14. Bg5 {74} h6 {376} 15. Bh4 {714} Bh7
{29} 16. f4 {1560} Qe7 {140} 17. Rf2 {154} Qe3 {1618} 18. Bxf6 {44} Bd3 {4} 19.
Nd5 {759} Bxe2 {6} 20. Qc2 {77} Nxd4 {79} 21. Bxd4 {113} Qxd4 {6} 22. Raf1 {19}
Bxf1 {67} 23. Kxf1 {9} Qe4 {29} 0-1